 Dungeon Crawl Stone Soup version 0.31.0-12-g77e489cdc1 (console) character file.

Game seed: 645131750586046785

297 m76s the Trooper (level 6, 0/39 HPs)
             Began as a Gargoyle Fighter on Mar 2, 2024.
             Slain by a giant cockroach (2 damage)
             ... on level 3 of the Dungeon.
             The game lasted 00:07:41 (1868 turns).

m76s the Trooper (Gargoyle Fighter)                 Turns: 1868, Time: 00:07:41

Health: 0/39       AC: 16    Str: 18 (19) XL:     6   Next: 35%
Magic:  6/6        EV:  9    Int:  9      God:
Gold:   159        SH:  4    Dex: 11      Spells: 5/5 levels left

rFire   . . .        a - +1 war axe (spect)
rCold   . . .        c - +0 buckler
rNeg    + . .        b - +0 scale mail
rPois   ∞            f - +2 helmet
rElec   +            (no cloak)
rCorr   .            (no gloves)
SInv    .            (no boots)
Will    .....        (no amulet) Stlth
                     (no ring)
HPRegen 0.26/turn    (no ring)
MPRegen 0.10/turn

%: no passive effects
@: no status effects
A: sickness immunity, AC +4, negative energy resistance 1, electricity
resistance, torment resistance 1, petrification resistance, fangs 1, iridescent
scales 1
a: no special abilities


You were on level 3 of the Dungeon.
You visited 1 branch of the dungeon, and saw 3 of its levels.

You collected 159 gold pieces.

Inventory:

Hand Weapons
 a - a +1 spectral war axe (weapon)
 h - a +0 war axe
Armour
 b - a +0 scale mail (worn)
 c - a +0 buckler (worn)
 f - a +2 helmet (worn)
Scrolls
 e - a scroll of poison
Potions
 d - 2 potions of might


   Skills:
 + Level 4.4 Fighting
 + Level 4.1 Axes
 + Level 4.3 Armour
 + Level 0.5 Dodging
 + Level 0.5 Stealth
 + Level 4.1 Shields


You had 5 spell levels left.
You didn't know any spells.
Your spell library was empty.

Dungeon Overview and Level Annotations

Branches:
Dungeon (3/15)

Altars:


Innate Abilities, Weirdness & Mutations

You are immune to sickness and miasma.
Your stone body is resilient. (AC +4)
You are immune to poison.
You resist negative energy. (rN+)
You are resistant to electric shocks. (rElec)
You are resistant to unholy torment.
You are immune to petrification.
You have very sharp teeth.
You are partially covered in iridescent scales. (AC +2)


Message History

The gnoll is almost dead.
Your +1 spectral war axe completely misses the gnoll.
Your +1 spectral war axe hits the gnoll. x2
The gnoll hits you but does no damage.
The gnoll closely misses your +1 spectral war axe. x2
You barely miss the gnoll.
The gnoll is almost dead.
Your +1 spectral war axe barely misses the gnoll.
Your +1 spectral war axe hits the gnoll.
You kill the gnoll!
Your +1 spectral war axe hits the gnoll.
The gnoll hits your +1 spectral war axe with a +0 halberd!
Your spectral weapon shares its damage with you!
Your +1 spectral war axe disappears.
* * * LOW HITPOINT WARNING * * *
You block the gnoll's attack.
The gnoll shouts!
You slash the gnoll!
You kill the gnoll!
The gnoll barely misses you. The gnoll closely misses you.
You hit the gnoll but do no damage.
The gnoll is almost dead.
Your +1 spectral war axe closely misses the gnoll.
The gnoll hits you with a +0 halberd!
* * * LOW HITPOINT WARNING * * *
The gnoll hits you but does no damage.
You hit the gnoll but do no damage.
The gnoll is severely wounded.
Your +1 spectral war axe hits the gnoll!
You kill the gnoll!
A giant cockroach comes into view.
You swap places.
Your +1 spectral war axe disappears.
You see here a +0 halberd.
The giant cockroach bites you but does no damage.
You closely miss the giant cockroach.
Your +1 spectral war axe misses the giant cockroach.
The giant cockroach bites you.
You die...

####.#*~~*~~*#.....#..#########..
# #.#~**~**~#..................#
####.#*~~*~~*###..##(.#.........#
.....#~*~*~*~* #..##))#..######.#
####.#∩*~*~*~###..##..#..# #.. #
#.#****~**#.....<).#..# ### #.#
*,,......###.#..# ## #.#
***####B(# #(#.># ##. #.#
#@.###.#.>######.. #.#
#.........#....... ####.#
#))##..#.##.####.. .....#
#..).....##.# ##. .#####
##.##.#####.### #. .#
#.....##.....# #. .#
#.##).##.....###. .#
#.##............. .#
#.##.###.....####


You could see a giant cockroach and a friendly +1 spectral war axe.

Vanquished Creatures
  An ogre (D:3)
  An orc priest (D:3)
  An orc wizard (D:3)
  2 adders
  8 gnolls (D:3)
  A dart slug (D:3)
  3 orcs (D:3)
  6 ball pythons
  4 bats
  3 endoplasms
  3 giant cockroaches
  2 goblins
  8 hobgoblins
  2 quokkas (D:1)
  4 frilled lizards
  4 kobolds
  6 rats (D:1)
59 creatures vanquished.

Vanquished Creatures (others)
  A spectral weapon (D:3)
1 creature vanquished.

Grand Total: 60 creatures vanquished

Notes
Turn   | Place    | Note
-------+----------+-------------------------------------------
     0 | D:1      | m76s the Gargoyle Fighter began the quest for the Orb.
     0 | D:1      | Reached XP level 1. HP: 14/14 MP: 1/1
   180 | D:1      | Reached XP level 2. HP: 19/19 MP: 2/2
   633 | D:1      | Gained mutation: You are frail. (-10% HP) [potion of
                  | mutation]
   634 | D:1      | Lost mutation: You are frail. (-10% HP) [potion of
                  | mutation]
   634 | D:1      | Gained mutation: You have very sharp teeth. [potion of
                  | mutation]
   634 | D:1      | Gained mutation: You are partially covered in iridescent
                  | scales. (AC +2) [potion of mutation]
   940 | D:2      | Reached XP level 3. HP: 20/23 MP: 3/3
  1243 | D:2      | Found a faded altar of an unknown god.
  1314 | D:3      | Reached XP level 4. HP: 29/29 MP: 4/4
  1319 | D:3      | Reached XP level 5. HP: 24/33 MP: 5/5
  1662 | D:3      | Noticed an ogre
  1669 | D:3      | Killed an ogre
  1670 | D:3      | Reached XP level 6. HP: 8/38 MP: 6/6
  1863 | D:3      | HP: 1/38 [gnoll/+0 halberd (11)]
  1868 | D:3      | Slain by a giant cockroach

Illustrated notes

Levels and vault maps discovered:
D:1:      heliophobic_arrival_ceremonial_halls, layout_loops_corners
D:2:      layout_rooms, hellmonk_ecumenical_altar_leap_of_faith,
          columned_hall_lemuel
D:3:      layout_loops_ring, mainiacjoe_sewer_entry_somewhere_in_here_2

Skill      XL: |  1  2  3  4  5  6 |
---------------+-------------------+-----
Axes           | 2 3 4 |  4.1
Fighting       | 4 |  4.4
Armour         | 4 |  4.3
Shields        | 4 |  4.1
Dodging        | |  0.5
Stealth        | |  0.5

Action                     |  1- 3 |  4- 6 || total
---------------------------+-------+-------++-------
  Melee: War axe           |    77 |    32 ||   109
         Bite              |     2 |     2 ||     4
    Use: Scroll            |     4 |     2 ||     6
         Potion            |     4 |     1 ||     5
 Armour: Scale mail        |    49 |    25 ||    74
  Dodge: Dodged            |    28 |    16 ||    44
  Block: Buckler           |    19 |    10 ||    29
